Map: 紅粉不夜城

Players

Nice

  • Race: Protoss Protoss
  • Spawn Location: 1:00

Kelazhur - Winner!

  • Race: Terran Terran
  • Spawn Location: 7:00

Event: WCS Leipzig 2018

VOD

Have the link to the VOD?

Description

Time

  • Played on: Jan. 26, 2018, 1:32 p.m.
  • Length: 16:52

All games in this series

Show
View Real Time Build Order
Export as new Build Order

Nice Protoss 

Build Orders: 1 Gate Expand, Oracle Opening, Zealot Archon 

Get SALT Encoding   

  12  0:01  Probe  
  13  0:13  Probe  
  14  0:18  Pylon  
  14  0:25  Probe (Chrono Boost)  
  15  0:37  Probe (Chrono Boost)  
  15  0:40  Gateway  
  16  0:45  Probe (Chrono Boost)  
  17  0:51  Probe, Assimilator  
  18  1:04  Probe  
  19  1:16  Probe  
  20  1:23  Nexus  
  20  1:32  Cybernetics Core  
  20  1:35  Probe  
  21  1:45  Assimilator  
  21  1:49  Pylon  
  21  1:51  Probe  
  21  2:03  Probe  
  21  2:06  Adept (Chrono Boost)  
  24  2:16  Probe  
  25  2:24  Stargate  
  25  2:28  Probe  
  26  2:33  Warp Gate  
  26  2:36  Adept  
  28  2:37  Probe (Chrono Boost)  
  30  2:44  Probe (Chrono Boost)  
  30  2:49  Probe (Chrono Boost)  
  31  2:54  Probe (Chrono Boost)  
  31  2:55  Probe (Chrono Boost)  
  33  3:03  Probe  
  33  3:04  Probe  
  35  3:10  Oracle (Chrono Boost)  
  33  3:15  Probe  
  33  3:16  Probe, Pylon  
  38  3:25  Gateway  
  38  3:27  Gateway  
  38  3:28  Probe x2  
  40  3:35  Pylon  
  40  3:37  Oracle (Chrono Boost)  
  40  3:40  Probe (Chrono Boost)  
  44  3:45  Probe (Chrono Boost)  
  45  3:51  Pylon  
  45  3:52  Probe (Chrono Boost)  
  47  3:58  Probe x2 (Chrono Boost), Assimilator  
  48  4:06  Probe x2  
  50  4:17  Phoenix  
  50  4:18  Probe x2  
  50  4:21  Forge  
  50  4:22  Assimilator, Twilight Council  
  54  4:30  Probe x2  
  56  4:32  Pylon  
  56  4:44  Adept x3, Protoss Ground Armor Level 1 (Chrono Boost)  
  59  4:49  Phoenix  
  58  4:53  Nexus  
  58  4:56  Charge (Chrono Boost)  
  58  5:14  Gateway  
  58  5:16  Gateway  
  58  5:21  Phoenix  
  60  5:24  Gateway  
  60  5:25  Gateway  
  60  5:29  Gateway  
  60  5:37  Templar Archives  
  60  5:38  Pylon  
  60  5:46  Probe x2, Phoenix  
  64  5:52  Zealot  
  64  5:53  Zealot  
  64  5:55  Zealot  
  70  6:02  Pylon  
  70  6:10  Phoenix  
  72  6:15  Probe x3  
  75  6:19  High Templar  
  75  6:20  High Templar, Zealot x3  
  75  6:23  Archon  
  75  6:24  Protoss Ground Armor Level 2 (Chrono Boost)  
  85  6:27  Probe x2  
  85  6:28  Probe  
  85  6:31  Zealot  
  90  6:44  Probe  
  90  6:45  Probe x2, Pylon  
  93  6:49  Phoenix (Chrono Boost)  
  93  6:52  Zealot x3  
  101  7:01  Zealot x3  
  103  7:03  Zealot  
  101  7:15  High Templar x2  
  89  7:16  Zealot x2, Phoenix  
  89  7:19  Archon  
  89  7:27  Zealot x4  
  93  7:39  Zealot  
  93  7:40  Zealot  
  83  7:47  Zealot x5  
  83  7:48  High Templar  
  91  7:55  Phoenix (Chrono Boost)  
  93  7:59  Probe x3  
  93  8:02  High Templar  
  93  8:03  Zealot  
  100  8:06  Archon  
  100  8:07  Zealot x2  
  100  8:08  Zealot x3  
  110  8:14  Pylon  
  110  8:16  Protoss Ground Weapons Level 1 (Chrono Boost)  
  110  8:17  Phoenix (Chrono Boost)  
  112  8:21  Pylon  
  108  8:34  Zealot x8  
  121  8:43  Phoenix  
  113  8:57  High Templar  
  115  9:04  Probe  
  115  9:05  Probe  
  115  9:08  Phoenix  
  119  9:10  Probe, High Templar  
  119  9:15  Archon  
  119  9:17  Probe, Zealot x2  
  121  9:20  Nexus  
  121  9:21  Pylon  
  125  9:26  Zealot x3  
  131  9:40  Zealot x4  
  137  9:58  Protoss Ground Weapons Level 2 (Chrono Boost)  
  113  10:02  High Templar x2  
  113  10:03  Zealot x5  
  113  10:04  Zealot  
  113  10:06  Robotics Facility, Archon  
  129  10:07  Phoenix  
  129  10:12  Probe x3  
  134  10:22  Blink (Chrono Boost)  
  134  10:23  Pylon  
  134  10:24  Probe, Pylon  
  134  10:26  Zealot x3  
  141  10:39  Probe x4  
  143  10:51  Stalker x5  
  143  10:53  Warp Prism (Chrono Boost)  
  155  11:01  Probe x3, Assimilator  
  158  11:08  Assimilator  
  156  11:17  Sentry  
  158  11:18  Stalker x3  
  158  11:19  Stalker  
  158  11:23  Probe  
  167  11:26  Observer  
  167  11:28  Zealot x2  
  169  11:36  Zealot  
  168  11:41  Zealot  
  168  11:42  Zealot  
  166  11:50  Protoss Ground Weapons Level 3 (Chrono Boost)  
  166  11:54  Zealot  
  154  12:05  Zealot  
  154  12:06  Zealot x6  
  140  12:13  Warp Prism (Chrono Boost)  
  120  12:22  Zealot  
  88  12:30  Zealot x5  
  88  12:33  Zealot x2  
  91  12:44  Zealot  
  91  12:47  Immortal (Chrono Boost)  
  91  12:50  High Templar  
  91  12:51  High Templar x3  
  105  12:52  Zealot  
  105  12:55  High Templar, Archon x2  
  105  12:56  High Templar, Gateway  
  105  12:58  Gateway  
  111  13:00  Archon  
  109  13:16  Immortal (Chrono Boost)  
  109  13:19  Probe x2  
  113  13:20  Probe  
  113  13:22  Zealot x2  
  113  13:24  High Templar x2, Stalker  
  113  13:25  Stalker  
  125  13:28  Archon  
  125  13:30  Zealot x2  
  127  13:44  Zealot x2  
  131  13:53  Protoss Shields Level 1 (Chrono Boost)  
  128  13:56  Zealot x6  
  128  13:57  Warp Prism (Chrono Boost)  
  140  14:07  Stalker x4  
  140  14:09  Pylon  
  148  14:10  Pylon  
  148  14:18  High Templar x2  
  148  14:19  Zealot x4  
  148  14:22  Archon  
  158  14:30  Zealot x4  
  152  14:42  Zealot x4  
  156  14:56  Nexus  
  156  14:57  High Templar x2  
  158  15:02  Archon  
  158  15:05  Stalker x2  
  158  15:06  Stalker  
  152  15:24  High Templar x4  
  156  15:30  Archon x2  
  156  15:33  Zealot x5  
  131  15:51  Zealot  
  127  15:58  Zealot x6  
  113  16:09  Zealot x2  
  113  16:10  Zealot  
  117  16:29  High Templar x2  
  117  16:30  Zealot x5  
  131  16:33  Archon  
  131  16:34  Zealot  
  115  16:50  Zealot x6  
Show
View Real Time Build Order
Export as new Build Order

Kelazhur Terran - Winner!

Build Orders: MMM Bio 

Get SALT Encoding   

  12  0:00  SCV  
  13  0:13  SCV  
  14  0:17  Supply Depot  
  14  0:25  SCV  
  15  0:39  SCV  
  15  0:41  Barracks  
  16  0:44  Refinery  
  16  0:51  SCV  
  17  1:03  SCV  
  18  1:15  SCV  
  19  1:27  Orbital Command, Marine  
  20  1:42  Command Center  
  20  1:46  Barracks Reactor  
  20  1:55  Supply Depot  
  20  1:56  SCV  
  21  2:08  Factory  
  21  2:10  SCV  
  22  2:22  SCV  
  23  2:23  Marine x2  
  25  2:30  Barracks  
  25  2:34  SCV  
  26  2:37  Refinery  
  26  2:41  Marine x2  
  28  2:46  SCV  
  29  2:53  Widow Mine  
  29  2:56  Orbital Command  
  31  2:58  SCV  
  31  3:01  Marine  
  31  3:04  Marine  
  34  3:12  SCV  
  34  3:20  Marine  
  34  3:22  Barracks Tech Lab  
  34  3:23  Factory Tech Lab  
  34  3:24  SCV  
  34  3:25  SCV  
  37  3:30  Engineering Bay  
  37  3:36  SCV  
  37  3:38  SCV, Marine x2  
  41  3:46  Siege Tank  
  44  3:51  Stimpack  
  44  3:53  SCV  
  44  3:55  SCV  
  46  3:59  Supply Depot  
  46  4:04  Terran Infantry Weapons Level 1  
  46  4:20  Marine x2  
  46  4:21  SCV x2, Supply Depot, Marine  
  46  4:23  Siege Tank  
  54  4:28  Engineering Bay  
  54  4:33  SCV  
  54  4:36  Starport  
  54  4:38  Refinery  
  54  4:39  SCV  
  54  4:40  Marine  
  51  4:48  SCV  
  51  4:49  Marine x2  
  51  4:52  SCV  
  55  5:00  SCV  
  55  5:04  SCV  
  57  5:10  Marine  
  57  5:11  Marine  
  57  5:12  SCV  
  57  5:14  Supply Depot  
  60  5:15  Marine  
  60  5:16  SCV  
  60  5:18  Starport Reactor  
  61  5:23  Supply Depot  
  61  5:25  SCV  
  62  5:29  Barracks  
  62  5:30  Supply Depot  
  62  5:35  SCV, Marine x2, Siege Tank  
  68  5:37  SCV  
  69  5:46  Marine  
  69  5:47  SCV  
  69  5:49  SCV  
  72  5:53  Supply Depot  
  72  5:54  Medivac x2  
  72  5:55  Supply Depot  
  76  6:02  SCV, Marine x2  
  79  6:09  SCV, Marine  
  79  6:10  Bunker  
  80  6:11  Supply Depot  
  80  6:15  Missile Turret  
  80  6:16  SCV  
  80  6:17  Barracks Tech Lab  
  81  6:23  Bunker, SCV  
  81  6:24  Supply Depot  
  82  6:26  Marine x2  
  82  6:28  Marauder  
  82  6:29  Siege Tank  
  82  6:31  SCV  
  90  6:36  Marauder  
  91  6:44  Missile Turret  
  91  6:45  SCV, Marine x2  
  94  6:49  Marine  
  96  6:54  SCV  
  96  6:57  Marine  
  96  6:59  Command Center, Terran Infantry Armor Level 1  
  97  7:03  Marine x2  
  98  7:08  Medivac x2  
  98  7:12  Marine  
  90  7:19  Siege Tank  
  90  7:20  SCV  
  90  7:23  Marine  
  90  7:24  Marine  
  90  7:26  SCV, Barracks  
  90  7:28  Barracks  
  93  7:32  SCV, Armory  
  90  7:43  Medivac x2  
  86  7:47  Marine  
  86  7:48  Marine x2  
  86  7:50  SCV  
  87  7:52  Marine  
  87  7:53  Refinery  
  87  7:57  SCV  
  87  7:58  Engineering Bay  
  89  8:02  SCV  
  90  8:06  Marine  
  90  8:07  Marine x2  
  90  8:09  SCV  
  94  8:12  Orbital Command  
  94  8:13  Supply Depot  
  94  8:14  SCV, Barracks Tech Lab  
  95  8:21  SCV  
  95  8:23  Factory Reactor  
  95  8:25  Marine, Marauder  
  95  8:26  Marine  
  100  8:27  SCV  
  100  8:32  Medivac  
  103  8:35  Marine  
  103  8:36  Marine x2  
  103  8:38  SCV  
  107  8:43  Marine x2  
  107  8:46  Marine  
  102  8:53  SCV, Terran Infantry Weapons Level 2, Marine  
  102  8:54  Marine x2  
  101  9:01  Marine x2  
  99  9:03  SCV x2  
  99  9:04  Marine  
  99  9:05  Bunker x2  
  99  9:07  Missile Turret  
  99  9:08  Missile Turret  
  99  9:09  Widow Mine x2  
  103  9:10  Terran Infantry Armor Level 2  
  103  9:11  Marine x2  
  103  9:12  Marine  
  103  9:13  Ghost Academy  
  103  9:14  SCV  
  103  9:15  SCV, Refinery  
  108  9:20  Marine x2  
  108  9:21  Missile Turret  
  108  9:23  Marauder  
  112  9:29  Combat Shields  
  112  9:30  Concussive Shells  
  116  9:31  Widow Mine x2  
  115  9:38  Marine  
  115  9:39  Marauder  
  115  9:40  Marine x2  
  115  9:41  Marauder  
  115  9:43  Marine  
  123  9:47  Refinery  
  116  9:56  Marine  
  116  9:58  Marine  
  116  9:59  Marauder  
  108  10:00  Widow Mine x2, Marine  
  108  10:01  Marine x2  
  108  10:02  SCV x2  
  108  10:03  SCV  
  114  10:12  Liberator  
  114  10:14  Marine  
  114  10:16  Marine  
  114  10:17  Marine  
  114  10:20  Marauder  
  121  10:21  Marauder  
  121  10:24  Marauder  
  121  10:26  Bunker  
  121  10:27  Widow Mine x2  
  127  10:32  Marine  
  127  10:34  Marine  
  127  10:35  Marine  
  135  10:43  Supply Depot x2, Marauder  
  135  10:45  Liberator  
  135  10:46  Supply Depot  
  135  10:48  Widow Mine  
  135  10:49  Widow Mine  
  139  10:54  Ghost  
  141  10:59  Supply Depot  
  141  11:02  Ghost, Marine  
  141  11:03  SCV x2  
  141  11:04  Ghost, Marine  
  149  11:06  Marine  
  152  11:16  Widow Mine x2  
  156  11:20  Marine  
  156  11:23  Terran Infantry Weapons Level 3, Marauder, Marine  
  156  11:25  Marauder  
  162  11:31  Marine  
  163  11:32  Marine  
  163  11:37  Widow Mine  
  163  11:38  Marine  
  167  11:43  Command Center  
  167  11:52  Marine x2, Marauder  
  163  11:54  Widow Mine, Marine  
  163  11:59  Widow Mine  
  160  12:04  Marine, Marauder  
  148  12:10  Marine  
  148  12:12  Marauder  
  148  12:14  Marine  
  143  12:16  Widow Mine  
  143  12:20  Widow Mine  
  143  12:22  Marine  
  126  12:23  Marine  
  126  12:25  Marine  
  126  12:27  Marine  
  126  12:28  Medivac  
  111  12:31  Medivac  
  111  12:32  Marine  
  111  12:33  Marine  
  112  12:40  Marine  
  112  12:41  Marine  
  112  12:43  Widow Mine x2, Marine  
  119  12:45  Marine  
  119  12:50  Marauder  
  122  12:51  Marine  
  122  12:58  Medivac, Marine  
  126  13:00  Marauder  
  126  13:01  Medivac, Marine  
  126  13:03  Marine  
  126  13:05  Missile Turret  
  132  13:09  Marauder  
  132  13:11  Marine  
  133  13:14  Widow Mine x2  
  133  13:15  Marine  
  133  13:18  Terran Infantry Armor Level 3  
  133  13:19  Marauder  
  134  13:20  Marine  
  134  13:21  Planetary Fortress, Marine  
  134  13:23  SCV x3  
  139  13:29  Marauder  
  139  13:30  Marine  
  139  13:33  Marine  
  143  13:38  Sensor Tower  
  143  13:39  Marine, Marauder  
  143  13:40  Marauder  
  148  13:43  Widow Mine x2  
  152  13:49  Marauder  
  152  13:50  Starport, Marine  
  152  13:51  Marine  
  152  13:54  Fusion Core  
  152  13:55  Medivac x2  
  156  14:00  Marauder  
  158  14:03  Marine  
  158  14:04  Marauder  
  158  14:05  Widow Mine x2  
  158  14:08  Marine  
  165  14:12  Marauder, Marine  
  168  14:21  Marine  
  168  14:22  Marauder  
  171  14:24  Marine  
  171  14:26  Marauder  
  171  14:30  Marine  
  160  14:33  Widow Mine x2, Marine  
  160  14:35  Supply Depot  
  164  14:39  Marine  
  164  14:42  Marine  
  164  14:43  Marauder  
  165  14:45  Medivac  
  165  14:46  Medivac  
  165  14:47  Marine  
  165  14:48  Marine  
  165  14:51  Marauder  
  175  14:54  Widow Mine x2  
  175  14:58  Liberator  
  179  15:09  Starport Tech Lab  
  179  15:11  Ghost x2  
  167  15:15  Liberator x2  
  167  15:17  Marine  
  169  15:29  Marine  
  169  15:30  Widow Mine, Marauder x2  
  169  15:31  Widow Mine  
  169  15:34  Marine  
  185  15:39  Ghost, Marine  
  188  15:47  Marine  
  176  15:50  Ghost, Marine  
  176  15:52  Widow Mine x2, Marine  
  176  15:56  Command Center  
  181  15:57  Marine  
  152  16:05  Marine  
  152  16:08  Ghost  
  152  16:09  Marauder  
  152  16:10  Marine  
  152  16:13  Widow Mine  
  152  16:15  Marine  
  156  16:19  Marine  
  156  16:23  Marine  
  162  16:28  Marine  
Tags
 
Add a new tag
Caveats
  • Supply blocks, unpowered buildings, or Contaminate may cause inaccurate times.
  • Supply counts are checked every 10 seconds.